 Dungeon Sprint DCSS version 0.27.1-33-g824d729ab1 (webtiles) character file.

Game seed: 5824729062216995475

3617 manyhoops the Ninja (level 9, -1/39 HPs)
             Began as a Spriggan Enchanter on Dec 5, 2021.
             Was a Believer of Dithmenos.
             Slain by a hornet (17 damage)
             ... while paralysed by a hornet
             ... in the Dungeon (Sprint I: "Red Sonja").
             The game lasted 00:03:01 (740 turns).

manyhoops the Ninja (Spriggan Enchanter)             Turns: 740, Time: 00:03:02

Health: -1/39      AC:  2    Str:  4    XL:     9   Next: 86%
Magic:  12/14      EV:  4    Int: 16    God:    Dithmenos [**....]
Gold:   744        SH:  0    Dex: 19    Spells: 10/13 levels left

rFire    . . .     SeeInvis +   a - +1 dagger
rCold    . . .     Faith    .   (shield restricted)
rNeg     . . .     Spirit   .   b - +0 robe
rPois    .         Reflect  .   (helmet restricted)
rElec    .         Harm     .   (no cloak)
rCorr    .         Rampage  .   (gloves unavailable)
Will     +....     NoTele   +   (boots unavailable) Stlth ***+++++++
                                (no amulet)
HPRegen  0.13/turn              (no ring)
MPRegen  0.14/turn              (no ring)

@: paralysed, slowed, wreathed by umbra, very quick
A: very small, no large weapons, unfitting armour, see invisible, speed 3
a: Renounce Religion, Shadow Step


You were in the Dungeon.
You worshipped Dithmenos.
Dithmenos was pleased with you.
You visited 1 branch You collected 856 gold pieces.
You spent 112 gold pieces at shops.

Inventory:

Hand Weapons
 a - a +1 dagger (weapon)
Armour
 b - a +0 robe (worn)
Wands
 g - a wand of flame (12)
 k - a wand of iceblast (7)
Scrolls
 h - 3 scrolls of blinking
 j - a scroll of amnesia {unknown}
Potions
 c - 3 potions of curing
 d - a potion of heal wounds
 e - a potion of haste
 f - a potion of magic
 i - a potion of flight


   Skills:
 + Level 11.1 Short Blades
 - Level 2.6 Dodging
 O Level 27 Stealth
 - Level 2.6 Spellcasting
 - Level 3.6 Hexes


You had 10 spell levels left.
You knew the following spells:

 Your Spells              Type           Power      Damage    Failure   Level
a - Corona                Hex            14%        N/A       4%          1
b - Ensorcelled Hibernat  Hex/Ice        14%        N/A       14%         2

Your spell library contained the following spells:

 Spells                   Type           Power      Damage    Failure   Level
 Confusing Touch          Hex            13%        N/A       13%         3
 Tukima's Dance           Hex            13%        N/A       13%         3
 Dazzling Flash           Conj/Hex       14%        N/A       28%         3


Dungeon Overview and Level Annotations

Branches:
Dungeon (1/1)

Altars:
Cheibriados
Dithmenos
Elyvilon
Fedhas
Gozag
Hepliaklqana
Kikubaaqudgha
Makhleb
Nemelex Xobeh
Okawaru
Qazlal
Ru
Sif Muna
Trog
Uskayaw
Vehumet
Wu Jian
Xom
Yredelemnul
Zin
The Shining One
Jiyva
Lugonu

Shops:
D ![[


Innate Abilities, Weirdness & Mutations

You are very small and have problems with some larger weapons.
You are too small for most types of armour.
You have supernaturally acute eyesight. (SInv)
You cover ground extremely quickly. (Speed+++)


Message History

h - 3 scrolls of blinking (gained 1)
You now have 744 gold pieces (gained 12).
You open the door. 2 centaur warriors come into view.
The centaur warrior moves out of view. x2
There is an open door here.
You enter the shallow water.
Moving in this stuff is going to be slow.
Found a trident.
The helpless centaur warrior fails to defend itself.
You spit the centaur warrior like a pig!!!!!
You kill the centaur warrior!
Dithmenos accepts your kill.
Your Short Blades skill gained 5 levels and is now at level 8!
Found a ring mail.
The helpless centaur warrior fails to defend itself.
You stick the centaur warrior like a pincushion!!!!!
You kill the centaur warrior!
Dithmenos accepts your kill.
Your Short Blades skill gained 3 levels and is now at level 11!
Things that are here:
a +0 vorpal shortbow; 28 arrows You see here a +0 trident.
Things that are here:
a +0 vorpal shortbow; 28 arrows As you open the door, it creaks loudly!
A hornet comes into view.
Found 108 gold pieces.
The hornet stings you.
You feel yourself slow down.
There is an open door, spattered with blood here.
Casting: Ensorcelled Hibernation (safe; 14% risk of failure)
Confirm with . or Enter, or press ? or * to list all spells.
Aiming: Ensorcelled Hibernation (safe; 14% risk of failure)
Press: ? - help, Shift-Dir - straight line, f - hornet
Aim: a hornet (umbra, chance to affect: 30%)
The hornet easily resists.
The hornet stings you!
You suddenly lose the ability to move!
The hornet stings you.
You feel as though you will be slow longer.
The hornet stings you!
You die...

#####################
)'..#.)'..#__#..'..)#
.#.)'..#..'..'..#.).#
###'#####'#__####...+
##..#...#.####§§#####
_####..##(#§§§§§#$$#
____##'#_.+§≈§§§@y.#
.∩...'..._#§≈§§§#$$#
..__##_.#'##'#####+#
____###'#.#(§..###
#######)####'###(##
.....'...'..[..'(∩#
++####...##########
###.### #.#'#.#


You could see a hornet.

Vanquished Creatures
  2 centaur warriors (D)
  Sonja (D)
  A deep troll (D)
  2 kobold demonologists (D)
  A slime creature (D)
  Sigmund (D)
  A yak (D)
  A floating eye (D)
  An ogre (D)
  A jelly (D)
  Ijyb (D)
  A ballistomycete spore (D)
14 creatures vanquished.

Vanquished Creatures (others)
  A ballistomycete spore (D)
1 creature vanquished.

Grand Total: 15 creatures vanquished

Notes
Turn   | Place    | Note
-------+----------+-------------------------------------------
     0 | D        | manyhoops the Spriggan Enchanter began the quest for the
                  | Orb.
     0 | D        | Reached XP level 1. HP: 9/9 MP: 5/5
     1 | D        | Noticed Ijyb
     8 | D        | Killed Ijyb
     9 | D        | Reached skill level 10 in Stealth
     9 | D        | Reached XP level 2. HP: 12/13 MP: 6/6
   122 | D        | Learned a level 2 spell: Ensorcelled Hibernation
   122 | D        | Noticed an ogre
   125 | D        | Killed an ogre
   126 | D        | Reached skill level 14 in Stealth
   126 | D        | Reached XP level 3. HP: 16/16 MP: 8/8
   126 | D        | Reached XP level 4. HP: 21/21 MP: 9/9
   134 | D        | Noticed Sigmund
   137 | D        | Killed Sigmund
   138 | D        | Reached skill level 17 in Stealth
   138 | D        | Reached XP level 5. HP: 24/24 MP: 10/10
   149 | D        | Found an ornate altar of the Wu Jian Council.
   149 | D        | Found a shimmering blue altar of Sif Muna.
   151 | D        | Found a radiant altar of Vehumet.
   156 | D        | Reached skill level 18 in Stealth
   156 | D        | Reached XP level 6. HP: 28/28 MP: 11/11
   158 | D        | Found Yteihag's Antique Armour Emporium.
   158 | D        | Found an ancient bone altar of Kikubaaqudgha.
   158 | D        | Found a hazy altar of Hepliaklqana.
   158 | D        | Found a stormy altar of Qazlal.
   158 | D        | Found a hide-covered altar of Uskayaw.
   158 | D        | Found a blossoming altar of Fedhas.
   158 | D        | Found a bloodstained altar of Trog.
   158 | D        | Found an iron altar of Okawaru.
   158 | D        | Found a basalt altar of Yredelemnul.
   158 | D        | Found a glowing golden altar of the Shining One.
   158 | D        | Found a snail-covered altar of Cheibriados.
   158 | D        | Found a sacrificial altar of Ru.
   158 | D        | Found a glowing silver altar of Zin.
   158 | D        | Found a shadowy altar of Dithmenos.
   158 | D        | Found a white marble altar of Elyvilon.
   158 | D        | Noticed a yak
   159 | D        | Found an opulent altar of Gozag.
   160 | D        | Killed a yak
   161 | D        | Reached skill level 20 in Stealth
   161 | D        | Found a sparkling altar of Nemelex Xobeh.
   169 | D        | Became a worshipper of Dithmenos the Shadowed
   208 | D        | Found a viscous altar of Jiyva.
   208 | D        | Found a corrupted altar of Lugonu.
   208 | D        | Noticed a slime creature
   209 | D        | Found a burning altar of Makhleb.
   209 | D        | Found a shimmering altar of Xom.
   211 | D        | Killed a slime creature
   212 | D        | Reached skill level 21 in Stealth
   212 | D        | Reached XP level 7. HP: 32/32 MP: 12/12
   219 | D        | Noticed Sonja
   233 | D        | Killed Sonja
   234 | D        | Reached skill level 24 in Stealth
   234 | D        | Reached XP level 8. HP: 11/36 MP: 9/13
   422 | D        | Found Ymehunlusoc's Distillery.
   430 | D        | Bought a potion of heal wounds for 70 gold pieces
   430 | D        | Bought a potion of flight for 42 gold pieces
   442 | D        | Noticed a deep troll
   446 | D        | Killed a deep troll
   446 | D        | Reached * piety under Dithmenos
   447 | D        | Reached skill level 25 in Stealth
   657 | D        | Noticed a kobold demonologist
   658 | D        | Noticed a kobold demonologist
   661 | D        | Reached skill level 26 in Stealth
   662 | D        | Killed a kobold demonologist
   663 | D        | Reached XP level 9. HP: 39/39 MP: 14/14
   665 | D        | Killed a kobold demonologist
   665 | D        | Reached ** piety under Dithmenos
   666 | D        | Reached skill level 27 in Stealth
   711 | D        | Found Magh's Armour Emporium.
   728 | D        | Noticed a centaur warrior
   728 | D        | Noticed a centaur warrior
   731 | D        | Killed a centaur warrior
   733 | D        | Killed a centaur warrior
   740 | D        | Paralysed by a hornet for 3 turns
   740 | D        | Slain by a hornet

Illustrated notes

Levels and vault maps discovered:
D:        dungeon_sprint_1 [red_sonja_temple_1, red_sonja_temple_small_1]

Skill      XL: |  1  2  3  4  5  6  7  8  9 |
---------------+----------------------------+-----
Stealth        | 10 14 17 18 21 24 26 27 | 27.0
Short Blades   | 11 | 11.1
Dodging        | |  2.6
Spellcasting   | |  2.6
Hexes          | |  3.6

Action                   |  1- 3 |  4- 6 |  7- 9 || total
-------------------------+-------+-------+-------++-------
Melee: Dagger            |     5 |     4 |     8 ||    17
 Cast: Ensorcelled Hiber |       |       |    10 ||    10
  Use: Potion            |     1 |       |     2 ||     3
 Stab: Sleeping          |     2 |     4 |     8 ||    14
Armor: Robe              |       |       |     1 ||     1
Dodge: Dodged            |     2 |       |    18 ||    20
